Map: Frozen Temple

Players

Fropez

  • Race: Protoss Protoss
  • League: Gold
  • Spawn Location: 5:00

Gladiator - Winner!

  • Race: Protoss Protoss
  • League: Gold
  • Spawn Location: 11:00

VOD

Have the link to the VOD?

Description

Time

  • Played on: Oct. 7, 2016, 10:55 a.m.
  • Length: 12:03
Show
View Real Time Build Order
Export as new Build Order

Fropez Protoss 

Build Orders: Zealot Archon 

Get SALT Encoding   

  12  0:01  Probe (Chrono Boost)  
  13  0:12  Probe (Chrono Boost)  
  14  0:19  Pylon  
  14  0:23  Probe (Chrono Boost)  
  15  0:37  Probe (Chrono Boost)  
  15  0:38  Gateway  
  16  0:49  Probe (Chrono Boost)  
  17  0:51  Assimilator  
  17  1:00  Probe (Chrono Boost)  
  18  1:15  Pylon  
  18  1:26  Pylon, Probe (Chrono Boost)  
  18  1:31  Assimilator  
  19  1:37  Probe (Chrono Boost), Cybernetics Core  
  19  1:39  Pylon  
  20  1:55  Gateway  
  20  1:57  Assimilator  
  20  2:00  Probe (Chrono Boost)  
  21  2:10  Probe (Chrono Boost)  
  23  2:22  Probe (Chrono Boost)  
  23  2:25  Adept  
  23  2:26  Warp Gate (Chrono Boost)  
  25  2:40  Pylon  
  25  2:42  Adept  
  27  2:49  Mothership Core  
  29  2:55  Adept  
  31  3:05  Nexus  
  31  3:13  Nexus  
  31  3:19  Adept  
  33  3:37  Adept  
  35  3:44  Gateway  
  35  3:49  Twilight Council  
  34  3:55  Probe  
  34  4:07  Probe  
  35  4:16  Pylon  
  31  4:28  Stalker x2  
  33  4:34  Resonating Glaives  
  33  4:41  Robotics Facility  
  33  4:43  Probe  
  33  4:44  Probe  
  35  4:58  Stalker  
  37  5:02  Sentry x2  
  41  5:09  Probe  
  41  5:10  Probe  
  43  5:14  Assimilator  
  43  5:21  Probe  
  43  5:26  Probe  
  45  5:28  Pylon  
  45  5:30  Pylon  
  45  5:41  Immortal (Chrono Boost)  
  49  5:44  Probe  
  49  5:46  Probe  
  51  5:56  Probe  
  52  5:58  Probe  
  52  5:59  Adept  
  52  6:00  Adept  
  57  6:14  Adept  
  55  6:35  Stalker x2  
  59  6:44  Probe  
  59  6:45  Probe  
  59  6:46  Templar Archives  
  61  6:49  Assimilator  
  61  6:52  Stalker  
  61  6:56  Probe  
  61  6:59  Probe  
  63  7:08  Stalker x2  
  67  7:18  Pylon  
  67  7:20  Gateway  
  67  7:23  Gateway  
  67  7:24  Gateway  
  67  7:30  High Templar  
  67  7:31  High Templar  
  71  7:43  Archon  
  70  7:44  Psionic Storm  
  70  7:46  Probe x2  
  72  7:57  Pylon  
  73  7:58  Probe x2  
  73  8:00  Pylon  
  73  8:03  Pylon  
  74  8:07  Pylon  
  74  8:22  Probe  
  74  8:23  Probe  
  74  8:25  Forge  
  76  8:30  High Templar x3  
  82  8:34  Archon, Probe  
  83  8:47  Stalker x3  
  89  8:52  Observer  
  90  9:03  Probe x2  
  92  9:13  Stalker x4  
  92  9:15  Probe x2  
  102  9:19  Pylon  
  102  9:26  Protoss Ground Weapons Level 1 (Chrono Boost)  
  102  9:27  Probe x2  
  102  9:39  Probe  
  102  9:43  High Templar  
  105  9:47  High Templar  
  107  10:02  Pylon  
  107  10:06  Pylon  
  107  10:09  Pylon  
  107  10:11  Pylon  
  107  10:16  Pylon  
  107  10:18  High Templar x2, Photon Cannon  
  111  10:22  Photon Cannon  
  111  10:26  Photon Cannon  
  92  11:05  Zealot x3  
  62  11:29  Stalker  
  62  11:30  Stalker x2  
Show
View Real Time Build Order
Export as new Build Order

Gladiator Protoss - Winner!

Build Orders:  

Get SALT Encoding   

  12  0:04  Probe (Chrono Boost)  
  13  0:23  Probe (Chrono Boost)  
  13  0:24  Pylon  
  14  0:34  Probe (Chrono Boost)  
  15  0:45  Probe (Chrono Boost)  
  16  0:55  Probe (Chrono Boost)  
  17  0:58  Gateway  
  17  1:02  Gateway  
  17  1:06  Probe (Chrono Boost)  
  18  1:16  Pylon, Probe (Chrono Boost)  
  19  1:20  Assimilator  
  19  1:27  Probe (Chrono Boost)  
  20  1:32  Forge  
  20  1:41  Probe (Chrono Boost)  
  20  1:44  Pylon  
  21  1:48  Zealot  
  21  1:51  Zealot  
  25  1:59  Probe (Chrono Boost)  
  26  2:07  Assimilator  
  26  2:18  Probe (Chrono Boost)  
  27  2:26  Nexus  
  27  2:33  Probe (Chrono Boost)  
  28  2:42  Zealot  
  28  2:43  Probe (Chrono Boost)  
  31  2:46  Zealot  
  33  2:58  Pylon  
  33  3:10  Cybernetics Core  
  34  3:13  Probe (Chrono Boost)  
  34  3:15  Zealot  
  34  3:17  Zealot  
  38  3:33  Probe (Chrono Boost)  
  37  3:43  Probe (Chrono Boost)  
  37  3:49  Stalker x2  
  37  3:51  Warp Gate (Chrono Boost)  
  37  3:53  Probe  
  37  3:54  Probe  
  43  4:05  Probe  
  43  4:06  Probe  
  45  4:14  Mothership Core  
  45  4:16  Pylon  
  45  4:18  Probe  
  45  4:21  Photon Cannon  
  48  4:29  Stalker  
  48  4:30  Stalker  
  52  4:35  Probe  
  52  4:37  Probe  
  54  4:47  Probe x2  
  56  4:53  Photon Cannon  
  56  4:59  Probe  
  57  5:02  Probe  
  57  5:06  Stalker x2  
  62  5:17  Pylon  
  62  5:22  Nexus  
  62  5:24  Probe  
  62  5:25  Probe  
  64  5:36  Twilight Council, Protoss Ground Weapons Level 1 (Chrono Boost)  
  64  5:42  Assimilator  
  64  5:44  Assimilator  
  64  5:46  Pylon  
  64  5:51  Stalker  
  64  5:53  Stalker  
  64  5:54  Probe  
  64  5:56  Probe  
  70  6:03  Stargate  
  70  6:08  Stargate  
  70  6:13  Pylon  
  70  6:25  Probe  
  66  6:27  Probe  
  65  6:37  Probe  
  65  6:39  Probe, Stalker x2  
  71  6:46  Probe  
  71  6:49  Probe  
  71  6:51  Probe  
  71  6:53  Assimilator  
  74  6:55  Assimilator  
  74  6:57  Probe  
  74  6:58  Pylon  
  75  7:01  Probe  
  75  7:02  Void Ray  
  80  7:10  Probe  
  80  7:11  Probe  
  82  7:17  Stalker x2  
  82  7:20  Gateway  
  86  7:26  Gateway  
  86  7:30  Pylon  
  86  7:35  Charge  
  86  7:37  Probe  
  87  7:48  Photon Cannon  
  87  7:50  Probe  
  87  7:51  Probe  
  89  7:53  Probe  
  90  8:02  Probe  
  91  8:10  Void Ray  
  91  8:11  Void Ray  
  99  8:16  Pylon  
  99  8:18  Protoss Air Weapons Level 1  
  99  8:23  Probe  
  100  8:35  Probe  
  100  8:37  Probe  
  100  8:38  Protoss Ground Armor Level 1 (Chrono Boost)  
  100  8:39  Probe  
  103  8:45  Stargate  
  103  8:51  Probe  
  103  8:52  Probe x2  
  103  8:53  Void Ray  
  110  9:03  Probe  
  110  9:04  Probe  
  110  9:05  Probe  
  113  9:10  Pylon  
  113  9:12  Void Ray  
  113  9:14  Stalker  
  113  9:15  Stalker  
  121  9:17  Sentry  
  121  9:18  Sentry  
  125  9:25  Pylon  
  125  9:35  Void Ray  
  125  9:37  Void Ray  
  133  9:47  Nexus  
  133  9:51  Probe x2  
  133  9:52  Probe  
  136  9:59  Pylon  
  136  10:01  Probe  
  136  10:03  Probe  
  136  10:04  Probe  
  139  10:17  Pylon  
  139  10:20  Void Ray  
  139  10:21  Void Ray  
  147  10:35  Assimilator  
  147  10:36  Assimilator  
  101  11:11  Void Ray x2 (Chrono Boost)  
  101  11:12  Void Ray (Chrono Boost)  
  107  11:23  Stalker  
  107  11:24  Stalker x2  
  107  11:25  Stalker  
  113  11:31  Mothership Core  
  95  11:42  Probe  
  95  11:43  Probe x2  
  98  11:48  Pylon, Zealot x4  
  109  11:55  Photon Cannon  
  109  11:56  Photon Cannon  
  109  11:58  Photon Cannon  
Tags
 
Composition
Zealot Archon
League
GoldGold
Matchup
PvP
Replay Pack
All Mines
Spawn Locations
Cross Positions
Add a new tag
Caveats
  • Supply blocks, unpowered buildings, or Contaminate may cause inaccurate times.
  • Supply counts are checked every 10 seconds.